 Dungeon Crawl Stone Soup version 0.31-a0-833-gc15d34cb79 (webtiles) character file.

Game seed: 12990995912163642757

1021 demibob the Basher (level 8, -9/53 HPs)
             Began as a Gargoyle Chaos Knight on Sept 25, 2023.
             Was a Plaything of Xom.
             Mangled by a two-headed ogre
             ... wielding a +0 giant club
              (12 damage)
             ... on level 5 of the Dungeon.
             The game lasted 00:07:40 (3935 turns).

demibob the Basher (Gargoyle Chaos Knight)          Turns: 3935, Time: 00:07:42

Health: -9/53      AC: 16    Str: 24    XL:     8   Next: 22%
Magic:  8/8        EV: 10    Int: 11    God:    Xom [*.....]
Gold:   246        SH:  0    Dex: 15    Spells: 7/7 levels left

rFire   . . .        a - +1 mace (chaos)
rCold   + + .        (no shield)
rNeg    + + .        l - +0 scale mail
rPois   ∞            f - +0 helmet
rElec   +            m - +0 cloak
rCorr   .            (no gloves)
SInv    .            k - +0 pair of boots
Will    .....        (no amulet)
Stlth   +            N - ring of positive energy
HPRegen 0.28/turn    D - +6 ring of dexterity
MPRegen 0.11/turn

%: no passive effects
@: no status effects
A: sickness immunity, AC +5, negative energy resistance 1, electricity
resistance, torment resistance 1, petrification resistance, talons 1, cold
resistance 2, robust 1, strong 2, subdued magic 1, MP-powered wands, sturdy
frame 1
a: Renounce Religion


You were on level 5 of the Dungeon.
You worshipped Xom.
You were a special plaything of Xom.
You visited 2 branches of the dungeon, and saw 6 of its levels.

You collected 246 gold pieces.


Innate Abilities, Weirdness & Mutations

You are immune to sickness and miasma.
Your stone body is resilient. (AC +5)
You are immune to poison.
You resist negative energy. (rN+)
You are resistant to electric shocks. (rElec)
You are resistant to unholy torment.
You are immune to petrification.
You have sharp toenails.
Your flesh is very cold resistant. (rC++)
You are robust. (+10% HP)
Your muscles are very strong. (Str +8, Int/Dex -2)
Your spells are a little easier to cast, but a little less powerful.
You expend magic power (3 MP) to strengthen your wands.
Your movements are slightly less encumbered by armour. (ER -2)


   Skills:
 - Level 5.0 Fighting
 + Level 8.1 Maces & Flails
 + Level 5.0 Armour
 - Level 0.7 Dodging


You had 7 spell levels left.
You didn't know any spells.
Your spell library contained the following spells:

 Spells                   Type           Power      Damage    Failure   Level
 Blink                    Tloc           0%         N/A       61%         2
 Lesser Beckoning         Tloc           0%         N/A       61%         2
 Momentum Strike          Conj/Tloc      0%         3d8       61%         2
 Frozen Ramparts          Ice            0%         1d1       85%         3
 Petrify                  Tmut/Erth      0%         N/A       99%         4
 Metabolic Englaciation   Hex/Ice        0%         N/A       100%        5

Inventory:

Hand Weapons
 a - a +1 mace of chaos (weapon)
Armour
 f - a +0 helmet (worn)
 k - a +0 pair of boots (worn)
 l - a +0 scale mail (worn)
 m - a +0 cloak (worn)
Jewellery
 D - a +6 ring of dexterity (right hand)
 N - a ring of positive energy (left hand)
Wands
 b - a wand of polymorph (5)
Scrolls
 i - a scroll of enchant weapon
Potions
 d - a potion of magic
 g - 3 potions of lignification

Dungeon Overview and Level Annotations

Branches:
Dungeon (5/15)             Temple (1/1) D:4

Altars:
Ashenzari
Cheibriados
Dithmenos
Elyvilon
Hepliaklqana
Makhleb
Qazlal
Trog
Wu Jian
Xom
Zin

Portals:
Abyss: D:3

Annotations:
D:3 2 transporters, Kurtz's ghost, amateur OpFi

...# .. ###..
.#...#..##...
..#...#.##..#
.#...#..#...#
.#...#...#.#.##
............#..###
#...#...#........#
...#...#...##..#.##
..#...#..).###O@..#
#...#...#...#
####..#
.#...#...#..# ..#
............# ...
.#..###...### ...
.........## ##
...#.##.## .
........# .......##


You could see a two-headed ogre (very poisoned, drained).


Message History

You drain the two-headed ogre.
The two-headed ogre is lightly wounded.
The two-headed ogre closely misses you.
The two-headed ogre hits you with a +0 giant spiked club.
You completely miss the two-headed ogre.
The two-headed ogre is lightly wounded.
You barely miss the two-headed ogre.
The two-headed ogre is lightly wounded.
The two-headed ogre hits you with a +0 giant club!
The two-headed ogre closely misses you.
Unknown command.
You sock the two-headed ogre! You burn the two-headed ogre.
The two-headed ogre is moderately wounded.
The two-headed ogre barely misses you.
The two-headed ogre hits you with a +0 giant spiked club!
* * * LOW HITPOINT WARNING * * *
You hit the two-headed ogre.
The two-headed ogre is poisoned.
The two-headed ogre is moderately wounded.
You hit the two-headed ogre.
You feel better.
The two-headed ogre is heavily wounded.
The two-headed ogre hits you with a +0 giant club!
* * * LOW HITPOINT WARNING * * *
The two-headed ogre hits you with a +0 giant spiked club.
* * * LOW HITPOINT WARNING * * *
You sock the two-headed ogre! You burn the two-headed ogre.
The two-headed ogre is severely wounded.
The two-headed ogre barely misses you.
The two-headed ogre hits you with a +0 giant spiked club!
You die...
Xom chuckles heartily!

Skill      XL: |  1  2  3  4  5  6  7  8 |
---------------+-------------------------+-----
Maces & Flails | 4 5 6 7 8 |  8.1
Fighting       | 5 |  5.0
Armour         | 4 5 |  5.0
Dodging        | |  0.7

Action                     |  1- 3 |  4- 6 |  7- 9 || total
---------------------------+-------+-------+-------++-------
  Melee: Mace              |    70 |   121 |   128 ||   319
         Punch             |     2 |     2 |     2 ||     6
  Evoke: Wand              |       |     4 |     1 ||     5
    Use: Scroll            |     4 |     5 |     1 ||    10
         Potion            |       |     1 |     7 ||     8
   Stab: Confused          |       |       |     1 ||     1
 Armour: Leather armour    |    43 |    77 |     1 ||   121
         Scale mail        |       |       |    95 ||    95
  Dodge: Dodged            |    40 |    82 |    68 ||   190

Levels and vault maps discovered:
D:1:      spicycebolla_arrival_clurvy, layout_basic,
          hellmonk_ecumenical_altar_pennies_from_heaven
D:2:      layout_basic, kennysheep_generic_room_6
D:3:      layout_basic, mainiacjoe_overflow_large_starburst,
          gammafunk_ghost_abyssal_escape, minmay_misc_feat_diagonals
D:4:      layout_loops_ring, mainiacjoe_overflow_brackets,
          minmay_temple_entry_glassed_door, nicolae_twisty_statue_hallways
D:5:      cheibrodos_fzero, layout_rooms, amcnicky_altar_gilded,
          mainiacjoe_overflow_cross_hatched,
          hellmonk_okawaru_the_only_friend_you_need, serial_glass,
          glass_columns_a, glass_columns_c, feat_on_display,
          minmay_strange_pillars, item_on_display_a, cheibrodos_gnoll_hut
Temple:   hellmonk_temple_of_storms

Notes
Turn   | Place    | Note
-------+----------+-------------------------------------------
     0 | D:1      | demibob the Gargoyle Chaos Knight began the quest for the
                  | Orb.
     0 | D:1      | Reached XP level 1. HP: 14/14 MP: 1/1
   147 | D:1      | Reached XP level 2. HP: 19/19 MP: 2/2
   449 | D:1      | Found a faded altar of an unknown god.
   450 | D:1      | XOM: polymorph hobgoblin -> bat
   702 | D:1      | XOM: god gift: 2 amethyst potions {god gift}
   744 | D:2      | Reached skill level 4 in Maces & Flails
   744 | D:2      | Reached XP level 3. HP: 15/23 MP: 3/3
   817 | D:2      | XOM: destruction
   877 | D:2      | XOM: scenery: summon butterflies
   920 | D:2      | XOM: 1-stop teleportation journey
  1020 | D:2      | XOM: divination: detect items
  1031 | D:2      | Reached XP level 4. HP: 28/28 MP: 4/4
  1051 | D:2      | Reached skill level 5 in Maces & Flails
  1606 | D:3      | XOM: confuse monster(s)
  1708 | D:3      | Found a broken altar of Ashenzari.
  1708 | D:3      | Found a stormy altar of Qazlal.
  1742 | D:3      | Found a transporter.
  1742 | D:3      | XOM: give mutation
  1742 | D:3      | Gained mutation: You have sharp fingernails. [Xom's grace]
  1748 | D:3      | Found a transporter.
  1748 | D:3      | Noticed a small abomination
  1753 | D:3      | Found a one-way gate to the infinite horrors of the Abyss.
  1753 | D:3      | Noticed Kurtz's ghost (amateur OpFi)
  1767 | D:3      | Reached XP level 5. HP: 32/32 MP: 5/5
  1797 | D:3      | XOM: give mutations
  1797 | D:3      | Gained mutation: Your spells are a little easier to cast,
                  | but a little less powerful. [Xom's mischief]
  1797 | D:3      | Gained mutation: Your flesh is cold resistant. (rC+) [Xom's
                  | mischief]
  1797 | D:3      | Lost mutation: You have sharp fingernails. [Xom's mischief]
  1797 | D:3      | Gained mutation: You expend magic power (3 MP) to
                  | strengthen your wands. [Xom's mischief]
  2122 | D:3      | XOM: god gift: gold wand {god gift}
  2153 | D:3      | Reached skill level 6 in Maces & Flails
  2154 | D:3      | XOM: cloud trail
  2248 | D:3      | XOM: give mutations
  2248 | D:3      | Gained mutation: You are robust. (+10% HP) [Xom's grace]
  2248 | D:3      | Gained mutation: Your flesh is very cold resistant. (rC++)
                  | [Xom's grace]
  2248 | D:3      | Gained mutation: Your movements are slightly less
                  | encumbered by armour. (ER -2) [Xom's grace]
  2248 | D:3      | Gained mutation: Your muscles are strong. (Str +4, Int/Dex
                  | -1) [Xom's grace]
  2267 | D:3      | XOM: 1-stop teleportation journey
  2397 | D:4      | Noticed a phantom
  2415 | D:4      | Killed a phantom
  2416 | D:4      | Reached XP level 6. HP: 28/41 MP: 6/6
  2504 | D:4      | Reached skill level 4 in Fighting
  2580 | D:4      | XOM: potion effect (attraction)
  2586 | D:4      | XOM: polymorph goblin -> endoplasm
  2594 | D:4      | Reached skill level 5 in Fighting
  2594 | D:4      | Reached XP level 7. HP: 44/48 MP: 1/7
  2807 | D:4      | XOM: 4-stop teleportation journey
  2846 | D:4      | Reached skill level 7 in Maces & Flails
  2944 | D:4      | XOM: butterfly on damage
  3119 | D:4      | Found a staircase to the Ecumenical Temple.
  3149 | D:4      | Found an ornate altar of the Wu Jian Council.
  3323 | D:4      | XOM: give mutations
  3323 | D:4      | Gained mutation: Your muscles are very strong. (Str +8,
                  | Int/Dex -2) [Xom's grace]
  3323 | D:4      | Gained mutation: You have sharp toenails. [Xom's grace]
  3454 | Temple   | Entered the Ecumenical Temple
  3464 | D:5      | Entered Level 5 of the Dungeon
  3464 | D:5      | Noticed a two-headed ogre
  3607 | D:5      | XOM: blink monster(s)
  3623 | D:5      | Reached skill level 3 in Armour
  3697 | D:5      | Reached skill level 4 in Armour
  3733 | D:5      | XOM: enchant monster (good)
  3743 | D:5      | Reached XP level 8. HP: 50/53 MP: 8/8
  3788 | D:5      | Noticed a yak
  3800 | D:5      | Killed a yak
  3801 | D:5      | Reached skill level 8 in Maces & Flails
  3802 | D:5      | Noticed a troll
  3809 | D:5      | Reached skill level 5 in Armour
  3809 | D:5      | HP: 2/53 [troll (8)]
  3809 | D:5      | Xom revived you
  3812 | D:5      | Killed a troll
  3812 | D:5      | XOM: divine lightning
  3859 | D:5      | XOM: silly message
  3934 | D:5      | HP: 3/53 [two-headed ogre/+0 giant club (4)]
  3935 | D:5      | Mangled by a two-headed ogre

Vanquished Creatures
  A yak (D:5)
  An ice beast (D:5)
  An ogre (D:4)
  3 phantoms
  A bullfrog (D:4)
  3 hounds
  2 jellies (D:5)
  A sleepcap (D:5)
  2 iguanas (D:4)
  A gnoll (D:5)
  11 adders
  A worm (D:3)
  3 dart slugs
  3 orcs
  10 endoplasms
  5 giant cockroaches
  4 goblins
  8 hobgoblins
  A quokka (D:5)
  9 ball pythons
  A bat (D:1)
  A frilled lizard (D:2)
  5 kobolds
  4 rats
82 creatures vanquished.

Vanquished Creatures (others)
  A troll (D:5)
  An adder (D:2)
  A kobold (D:2)
3 creatures vanquished.

Grand Total: 85 creatures vanquished

Table legend: (Time is in decaauts)
 A = Elapsed time spent in this place.
 B = Non-inter-level travel time spent in this place.
 C = Inter-level travel time spent in this place.
 D = Time resting spent in this place.
 E = Time spent auto-exploring this place.
 F = Levels seen in this place.
 G = Mean time per level.
                   A        B        C        D        E       F      G
               +--------+--------+--------+--------+--------+-----+--------+
         Total |   3980 |   3699 |    281 |     47 |   2871 |   6 |  663.3 |
       Dungeon |   3978 |   3697 |    281 |     47 |   2871 |   5 |  795.6 |
        Temple |      1 |      1 |      0 |      0 |      0 |   1 |    1.0 |
               +--------+--------+--------+--------+--------+-----+--------+

Top non-repeatable levels by time:
     D:4: 1184 daAuts
     D:2: 873 daAuts
     D:3: 823 daAuts
     D:1: 722 daAuts
     D:5: 375 daAuts
  Temple: 1 daAuts

Table legend:
 A = Non-vault XP
 B = Vault XP
 C = Vault XP percentage of total XP
 D = Non-vault monster count
 E = Vault monster count
 F = Vault count percentage of total count
                 A         B        C        D         E       F
            +---------+---------+-------+---------+---------+-------
      Total |     968 |     491 |  33.7 |      71 |      12 |  14.5
            +---------+---------+-------+---------+---------+-------
        D:1 |      24 |       0 |   0.0 |      14 |       0 |   0.0
        D:2 |      93 |       5 |   5.1 |      16 |       3 |  15.8
        D:3 |     114 |       0 |   0.0 |      18 |       0 |   0.0
        D:4 |     546 |       0 |   0.0 |      19 |       0 |   0.0
        D:5 |     191 |     486 |  71.8 |       4 |       9 |  69.2
            +---------+---------+-------+---------+---------+-------
